 Dungeon Crawl Stone Soup version 0.16.1-11-g651b585 (webtiles) character file.

25 Radiman the Digger (level 3, -3/19 HPs)
             Began as a Gargoyle Earth Elementalist on Apr 3, 2015.
             Slain by Terence
             ... wielding a +0 falchion of slicing
              (6 damage)
             ... on level 1 of the Dungeon.
             The game lasted 00:05:25 (1908 turns).

Radiman the Digger (Gargoyle Earth Elementalist)    Turns: 1908, Time: 00:05:26

Health: -3/19      AC:  5    Str: 11    XL:     3   Next: 6%
Magic:  1/6        EV: 12    Int: 15    God:
Gold:   28         SH:  0    Dex: 11    Spells: 1 memorised, 5 levels left

rFire  . . .     SeeInvis .     h - +1 dagger (venom)
rCold  . . .     Clarity  .     c - +0 robe
rNeg   + . .     SustAb   .     (no shield)
rPois  ∞         Gourm    .     (no helmet)
rElec  +         Spirit   .     (no cloak)
rCorr  .         Warding  .     (no gloves)
rMut   .         Stasis   .     (no boots)
MR     .....                    (no amulet)
Stlth  ++........               (no ring)
                                (no ring)

@: not resistant to hostile enchantments, unstealthy
A: negative energy resistance 1, electricity resistance, unbreathing,
petrification resistance, rot immunity, AC +3
a: no special abilities


You were on level 1 of the Dungeon.
You were not hungry.

You visited 1 branch of the dungeon, and saw 2 of its levels.

You collected 28 gold pieces.

Inventory:

Hand weapons
 h - a +1 dagger of venom (weapon)
Missiles
 b - 76 stones (quivered)
Armour
 c - a +0 robe (worn)
Scrolls
 e - a scroll of identify {unknown}
 g - a scroll of fog {unknown}
 j - a scroll of random uselessness {unknown}
Books
 d - a book of Geomancy

   Spells                             Type                      Level
   a - Sandblast                      Earth                        1
   b - Stoneskin                      Transmutation/Earth          2
   c - Passwall                       Transmutation/Earth          3
   d - Stone Arrow                    Conjuration/Earth            3
   e - Petrify                        Transmutation/Earth          4
   f - Lee's Rapid Deconstruction     Earth                        5
Comestibles
 a - a bread ration
 f - 2 meat rations
 i - 3 chunks of flesh


   Skills:
 - Level 1.5 Dodging
 - Level 2.1 Stealth
 - Level 2.0 Spellcasting
   Level 0.7 Transmutations
 * Level 5.0 Earth Magic


You had 5 spell levels left.
You knew the following spells:

 Your Spells              Type           Power        Failure   Level  Hunger
a - Sandblast             Erth           ###...       2%          1    #......


Dungeon Overview and Level Annotations

Branches:
Dungeon (2/15)

Altars:

Annotations:
D:1 Terence


Innate Abilities, Weirdness & Mutations

You are resistant to torment.
You are immune to poison.
Your stone body is very resilient (AC +3).
You resist negative energy.
You are resistant to electric shocks.
You can survive without breathing.
You are immune to petrification.
You are immune to rotting.


Message History

Terence is heavily wounded.
Terence hits you with a falchion of slicing.
You completely miss Terence.
Terence is heavily wounded.
Terence says, "Don't bother to defend, it's pointless."
Terence barely misses you.
You closely miss Terence.
Terence is heavily wounded.
Terence hits you with a falchion of slicing.
You hit Terence but do no damage.
Terence is poisoned.
Terence is heavily wounded.
You hit Terence but do no damage.
Terence looks even sicker.
Terence is severely wounded.
Terence hits you with a falchion of slicing.
* * * LOW HITPOINT WARNING * * *
x2 Terence hits you but does no damage.
You climb upwards.
There is a stone staircase leading down here.
Terence hits you with a falchion of slicing.
You die...

##################
...............@>#
###########.####@#
#.# #.# #.# #.#
###########.# #.#
...†.....##.# #.#
########.##.# #.#
# #.##.# #.# #
#.##.# #.# #
#.##.####.#


You could see Terence.

Vanquished Creatures
  An ooze (D:2)
  2 giant cockroaches (D:1)
  2 goblins
  5 hobgoblins
  2 bats (D:1)
  2 giant newts (D:2)
  5 kobolds
  4 rats
23 creatures vanquished.

Notes
Turn   | Place    | Note
--------------------------------------------------------------
     0 | D:1      | Radiman, the Gargoyle Earth Elementalist, began the quest for the Orb.
     0 | D:1      | Reached XP level 1. HP: 10/10 MP: 3/3
   214 | D:1      | Reached skill level 4 in Earth Magic
   717 | D:1      | Reached XP level 2. HP: 15/15 MP: 2/4
  1543 | D:2      | Reached XP level 3. HP: 16/19 MP: 4/6
  1584 | D:2      | Reached skill level 5 in Earth Magic
  1585 | D:2      | Noticed Terence
  1908 | D:1      | Slain by Terence

Action                   || total
-------------------------++-------
Melee: Unarmed           ||    42
       Dagger            ||    30
 Cast: Sandblast         ||    54
  Eat: Chunk             ||     4
